 Dungeon Crawl Stone Soup version 0.23.0 (webtiles) character file.

Game seed: 2635065017668146075

37 Evonexus1234 the Charmwright (level 3, 0/69 HPs)
             Began as a Gnoll Skald on Feb 19, 2019.
             Succumbed to a worker ant's poison
             ... on level 2 of the Dungeon.
             The game lasted 00:06:19 (708 turns).

Evonexus1234 the Charmwright (Gnoll Skald)           Turns: 708, Time: 00:06:19

Health: 0/69       AC: 21    Str: 23    XL:     3   Next: 39%
Magic:  7/9        EV:  2    Int: 15    God:
Gold:   39         SH:  0    Dex: 14    Spells: 9/12 levels left

rFire    . . .     SeeInvis .   a - +0 mace
rCold    . . .     Gourm    .   (no shield)
rNeg     + + +     Faith    .   (armour currently unavailable)
rPois    +         Spirit   .   (helmet currently unavailable)
rElec    .         Reflect  .   (cloak currently unavailable)
rCorr    .         Harm     .   (gloves currently unavailable)
MR       .....     NoTele   +   (boots currently unavailable)
Stlth    ..........             (no amulet)
HPRegen  0.21/turn              j - +4 ring of strength
MPRegen  0.11/turn              (no ring)

@: berserking, lethally poisoned (0 -> -15), tree-form, infused, very quick
A: distributed training, strong nose
a: no special abilities


You were on level 2 of the Dungeon.
You were not hungry.
You were a tree.
You visited 1 branch of the dungeon, and saw 2 of its levels.

You collected 39 gold pieces.

Inventory:

Hand Weapons
 a - a +0 mace (weapon)
Missiles
 g - 13 arrows
 i - 13 stones (quivered)
Armour
 b - a +0 leather armour (melded)
Jewellery
 j - a +4 ring of strength (left branch)
Scrolls
 e - a scroll of teleportation {unknown}
 f - a scroll of identify {unknown}
Potions
 l - a potion of flight
Comestibles
 c - 3 chunks of flesh
 d - 3 rations


   Skills:
 + Level 4.5 Fighting
 + Level 0.7 Short Blades
 + Level 0.7 Long Blades
 + Level 0.7 Axes
 + Level 4.5 Maces & Flails
 + Level 0.7 Polearms
 + Level 0.7 Staves
 + Level 0.7 Slings
 + Level 0.7 Bows
 + Level 0.7 Crossbows
 + Level 0.7 Throwing
 + Level 2.6 Armour
 + Level 4.5 Dodging
 + Level 0.7 Stealth
 + Level 0.7 Shields
 + Level 0.7 Unarmed Combat
 + Level 5.0 Spellcasting
 + Level 0.5 Conjurations
 + Level 0.5 Hexes
 + Level 5.4 Charms
 + Level 0.5 Summonings
 + Level 0.5 Necromancy
 + Level 0.5 Translocations
 + Level 0.5 Transmutations
 + Level 0.5 Fire Magic
 + Level 0.5 Ice Magic
 + Level 0.5 Air Magic
 + Level 0.5 Earth Magic
 + Level 0.5 Poison Magic
 + Level 0.9 Invocations
 + Level 0.7 Evocations


You had 9 spell levels left.
You knew the following spells:

 Your Spells              Type           Power        Failure   Level  Hunger
a - Infusion              Chrm           ###.         1%          1    None
b - Song of Slaying       Chrm           ###.....     2%          2    ##.....

Your spell library contained the following spells:

 Spells                   Type           Power        Failure   Level  Hunger
 Shroud of Golubria       Chrm/Tloc      ##........   8%          2    ##.....
 Regeneration             Chrm/Necr      ##........   14%         3    ###....
 Spectral Weapon          Hex/Chrm       ##......     14%         3    ###....


Dungeon Overview and Level Annotations

Branches:
Dungeon (2/15)

Altars:


Innate Abilities, Weirdness & Mutations

Your experience applies equally to all skills.
((You have very sharp teeth.))
Your uncanny sense of smell can sniff out nearby items.


Message History

The worker ant is heavily wounded.
* * * LOW HITPOINT WARNING * * *
You feel very sick. The worker ant barely misses you.
The worker ant misses you.
It was a potion of flight.
You feel very buoyant.
You fly up into the air.
* * * LOW HITPOINT WARNING * * *
You feel sick. The worker ant bites you.
* * * LOW HITPOINT WARNING * * *
It was a potion of lignification.
You turn into a tree.
Your +0 leather armour melds into your body.
Your roots penetrate the ground.
* * * LOW HITPOINT WARNING * * *
You feel sick.
The worker ant bites you but does no damage.
It was a potion of berserk rage.
A red film seems to cover your vision as you go berserk!
You feel yourself moving faster!
You feel mighty!
You die...

#........#....#
..........÷...#
#..#.......)..#
..............#
...........#.#
....#.........#.
#...###..(..#...#
#...........###
......#)♣..(#....
...##.#a.......##
.. .....##....#
......# ....#
........# ....#
..(.....# .....
.$......# ..#
........#


You could see a worker ant.

Vanquished Creatures
  An ooze (D:1)
  A leopard gecko (D:2)
  2 giant cockroaches (D:1)
  7 goblins (D:1)
  2 hobgoblins (D:1)
  5 bats
  4 frilled lizards
  4 kobolds
  5 rats (D:1)
31 creatures vanquished.

Notes
Turn   | Place    | Note
-------+----------+-------------------------------------------
     0 | D:1      | Evonexus1234 the Gnoll Skald began the quest for the Orb.
     0 | D:1      | Reached XP level 1. HP: 20/20 MP: 6/6
   113 | D:1      | Reached XP level 2. HP: 24/26 MP: 7/7
   160 | D:1      | Learned a level 2 spell: Song of Slaying
   321 | D:1      | Reached XP level 3. HP: 31/31 MP: 7/9
   369 | D:1      | Reached skill level 5 in Spellcasting
   707 | D:2      | HP: 1/46 [poisoned by a worker ant]
   708 | D:2      | Succumbed to a worker ant's poison

Skill      XL: |  1  2  3 |
---------------+----------+-----
Spellcasting   | 5 |  5.0
Fighting       | |  4.5
Short Blades   | |  0.7
Long Blades    | |  0.7
Axes           | |  0.7
Maces & Flails | |  4.5
Polearms       | |  0.7
Staves         | |  0.7
Slings         | |  0.7
Bows           | |  0.7
Crossbows      | |  0.7
Throwing       | |  0.7
Armour         | |  2.6
Dodging        | |  4.5
Stealth        | |  0.7
Shields        | |  0.7
Unarmed Combat | |  0.7
Conjurations   | |  0.5
Hexes          | |  0.5
Charms         | |  5.4
Summonings     | |  0.5
Necromancy     | |  0.5
Translocations | |  0.5
Transmutations | |  0.5
Fire Magic     | |  0.5
Ice Magic      | |  0.5
Air Magic      | |  0.5
Earth Magic    | |  0.5
Poison Magic   | |  0.5
Invocations    | |  0.9
Evocations     | |  0.7

Action                   || total
-------------------------++-------
Melee: Mace              ||    90
       Bite              ||     6
Throw: Stone             ||    21
 Cast: Infusion          ||     3
       Song of Slaying   ||     3
  Use: Potion            ||     3
Armor: Leather armour    ||    32
       Skin              ||     1
Dodge: Dodged            ||    91
